 Dungeon Crawl Stone Soup version 0.31-a0-1059-g83d41fd8b6 (webtiles) character file.

Game seed: 15810226311210889166

168 Gumption the Magician (level 5, -1/38 HPs)
             Began as a Djinni Fire Elementalist on Nov 21, 2023.
             Was an Initiate of Nemelex Xobeh.
             Slain by Grinder (4 damage)
             ... on level 3 of the Dungeon.
             The game lasted 00:24:24 (1640 turns).

Gumption the Magician (Djinni Fire Elementalist)    Turns: 1640, Time: 00:24:25

Health: -1/38      AC:  3    Str:  7    XL:     5   Next: 78%
Gold:   85         EV: 13    Int: 19    God:    Nemelex Xobeh [......] SH:  0 Dex: 13

rFire   + + .        a - +0 dagger
rCold   x . .        (no shield)
rNeg    . . .        g - +1 robe
rPois   ∞            (no helmet)
rElec   .            (no cloak)
rCorr   .            (no gloves)
SInv    .            (boots unavailable)
Will    .....        (no amulet)
Stlth   ++           (no ring)
HPRegen 0.26/turn    (no ring)
MPRegen 0.00/turn

%: infuse magic (-2 HP)
@: flying
A: sickness immunity, fire resistance 2, cold vulnerability 1, float, innate
caster, HP casting, extra vitality 1
a: Renounce Religion, Draw Escape, Draw Destruction, Draw Summoning


You were on level 3 of the Dungeon.
You worshipped Nemelex Xobeh.
Nemelex Xobeh was noncommittal.
You visited 1 branch of the dungeon, and saw 3 of its levels.

You collected 85 gold pieces.

Inventory:

Hand Weapons
 a - a +0 dagger (weapon)
Armour
 d - a scarf of shadows
 g - a +1 robe (worn)
Scrolls
 b - a scroll of vulnerability {unknown}
 c - a scroll of enchant armour
 f - a scroll of identify {unknown}
 i - a scroll of amnesia {unknown}
 j - a scroll of teleportation {unknown}
 k - a scroll of immolation {unknown}
Potions
 e - 3 potions of curing {unknown}
 h - a potion of berserk rage {unknown}


   Skills:
 + Level 2.2 Fighting
 + Level 3.5 Dodging
 - Level 1.5 Stealth
 * Level 4.0 Spellcasting
 * Level 4.0 Conjurations
 * Level 4.0 Hexes
   Level 0.0 Charms
 * Level 4.0 Summonings
 * Level 4.0 Necromancy
 * Level 4.0 Translocations
 * Level 4.0 Transmutations
 * Level 4.0 Fire Magic
 * Level 4.0 Ice Magic
 * Level 4.0 Air Magic
 * Level 4.0 Earth Magic
 * Level 4.0 Poison Magic


You knew the following spells:

 Your Spells              Type           Power      Damage    Failure   Level
a - Foxfire               Conj/Fire      76%        2x1d7     2%          1
b - Scorch                Fire           38%        2d6       4%          2
c - Volatile Blastmotes   Fire/Tloc      38%        2d13      8%          3
d - Inner Flame           Hex/Fire       19%        N/A       8%          3
e - Flame Wave            Conj/Fire      19%        2d7       26%         4
f - Apportation           Tloc           38%        N/A       2%          1
g - Searing Ray           Conj           38%        2d5       4%          2
Your spell library was empty.

Dungeon Overview and Level Annotations

Branches:
Dungeon (3/15)

Altars:
Ashenzari
Nemelex Xobeh

Annotations:
D:3 Grinder


Innate Abilities, Weirdness & Mutations

You are immune to sickness and miasma.
You are immune to poison.
Your flesh is very heat resistant. (rF++)
You are vulnerable to cold. (rC-)
You float through the air rather than walking.
You learn spells naturally, not from books.
Your magical power is your life essence.
You have superior vitality. (+4 MHP)


Message History

Grinder shouts!
You hear a shout!
Grinder gestures at you. Pain shoots through your body!
Casting: Foxfire (safe; 2% risk of failure)
Confirm with . or Enter, or press ? or * to list all spells.
Flames lash Grinder.
Grinder is lightly wounded.
Grinder's fire resistance burns away.
Casting: Scorch (safe; 4% risk of failure)
Confirm with . or Enter, or press ? or * to list all spells.
Flames lash Grinder.
Grinder is burned terribly!
Grinder is moderately wounded.
Casting: Scorch (safe; 4% risk of failure)
Confirm with . or Enter, or press ? or * to list all spells.
Flames lash Grinder.
Grinder is burned terribly!
Grinder is heavily wounded.
You hear a shout!
Grinder hits you.
* * * LOW HITPOINT WARNING * * *
You writhe in agony.
* * * LOW HITPOINT WARNING * * *
Casting: Scorch (safe; 4% risk of failure)
Confirm with . or Enter, or press ? or * to list all spells.
Flames lash Grinder.
Grinder is burned terribly!
Grinder is severely wounded.
* * * LOW HITPOINT WARNING * * *
Grinder gestures at you. Pain shoots through your body!
* * * LOW HITPOINT WARNING * * *
Casting: Scorch (safe; 4% risk of failure)
Confirm with . or Enter, or press ? or * to list all spells.
Flames lash Grinder.
Grinder is burned terribly!
Grinder is almost dead.
* * * LOW HITPOINT WARNING * * *
Grinder hits you!
* * * LOW HITPOINT WARNING * * *
You writhe in agony.
You die...
Grinder says, "Now the real fun starts!"
Your body disappears without a glow.

#.# ##.# #..# #### #
#.## #.. ##.##.# #.#
......#########.#####.#
#####..................
#.#########.######.#
#.# #.)@5...... #.#
#....P..... #.#
#.._.P..PP. ..#
......P..PP. ...
.##.PPPP..PP. ### #.
#.......PP. #
.$......PP.


##..PPPPPPP. You could see Grinder (combustible).

Vanquished Creatures
  11 gnolls
  An adder (D:2)
  A worm (D:2)
  5 endoplasms
  3 giant cockroaches
  4 goblins
  6 hobgoblins
  4 kobolds
  5 quokkas
  2 ball pythons
  6 bats
  A frilled lizard (D:2)
  5 rats
54 creatures vanquished.

Vanquished Creatures (others)
  86 foxfires
86 creatures vanquished.

Grand Total: 140 creatures vanquished

Notes
Turn   | Place    | Note
-------+----------+-------------------------------------------
     0 | D:1      | Gumption the Djinni Fire Elementalist began the quest for
                  | the Orb.
     0 | D:1      | Gumption set off with the following spells memorised:
                  | Foxfire, Scorch, Volatile Blastmotes, Inner Flame, Flame
                  | Wave.
     0 | D:1      | Reached XP level 1. HP: 15/15 MP: 0/0
   144 | D:1      | Reached XP level 2. HP: 21/22 MP: 0/0
   440 | D:1      | Reached skill level 1 in Fighting
   440 | D:1      | Reached XP level 3. HP: 25/27 MP: 0/0
   440 | D:1      | Learned a level 1 spell: Apportation
   491 | D:1      | Found a faded altar of an unknown god.
   681 | D:2      | Found a sparkling altar of Nemelex Xobeh.
   689 | D:2      | Became a worshipper of Nemelex Xobeh the Trickster
   963 | D:2      | Reached XP level 4. HP: 30/32 MP: 0/0
  1333 | D:2      | Reached XP level 5. HP: 32/38 MP: 0/0
  1333 | D:2      | Learned a level 2 spell: Searing Ray
  1632 | D:3      | Found a broken altar of Ashenzari.
  1634 | D:3      | Noticed Grinder
  1640 | D:3      | Slain by Grinder

Illustrated notes

Levels and vault maps discovered:
D:1:      scummos_arrival_star, layout_basic,
          hellmonk_ecumenical_altar_inner_sanctum
D:2:      minmay_angry_zag, layout_rooms, basic_altar
D:3:      layout_loops_ring, nicolae_overflow_ecumenical_swirl,
          mainiacjoe_overflow_surrounded_room,
          mainiacjoe_overflow_cross_hatched, mainiacjoe_overflow_chevrons,
          uniq_grinder

Skill      XL: |  1  2  3  4  5 |
---------------+----------------+-----
Spellcasting   | 4 |  4.0
Conjurations   | 4 |  4.0
Hexes          | 4 |  4.0
Summonings     | 4 |  4.0
Necromancy     | 4 |  4.0
Translocations | 4 |  4.0
Transmutations | 4 |  4.0
Fire Magic     | 4 |  4.0
Ice Magic      | 4 |  4.0
Air Magic      | 4 |  4.0
Earth Magic    | 4 |  4.0
Poison Magic   | 4 |  4.0
Fighting       | 1 2 |  2.2
Dodging        | 3 |  3.5
Stealth        | |  1.5

Action                     |  1- 3 |  4- 6 || total
---------------------------+-------+-------++-------
  Melee: Dagger            |     8 |    20 ||    28
   Cast: Foxfire           |    33 |    17 ||    50
         Scorch            |     4 |    21 ||    25
         Searing Ray       |       |     2 ||     2
    Use: Scroll            |       |     1 ||     1
 Armour: Robe              |    10 |    18 ||    28
  Dodge: Dodged            |    18 |    22 ||    40

Table legend: (Time is in decaauts)
 A = Elapsed time spent in this place.
 B = Non-inter-level travel time spent in this place.
 C = Inter-level travel time spent in this place.
 D = Time resting spent in this place.
 E = Time spent auto-exploring this place.
 F = Levels seen in this place.
 G = Mean time per level.
                   A        B        C        D        E       F      G
               +--------+--------+--------+--------+--------+-----+--------+
         Total |   1639 |   1609 |     30 |    151 |    217 |   3 |  546.3 |
       Dungeon |   1639 |   1609 |     30 |    151 |    217 |   3 |  546.3 |
               +--------+--------+--------+--------+--------+-----+--------+

Top non-repeatable levels by time:
     D:2: 768 daAuts
     D:1: 667 daAuts
     D:3: 203 daAuts
